 Dungeon Sprint DCSS version 0.31-a0-1-g4198be8af4 (webtiles) character file.

Game seed: 13805106340663488333

3775 rocky1 the Nimble (level 10, -28/85 HPs)
             Began as a Gnoll Gladiator on Apr 30, 2023.
             Was a High Priest of Sif Muna.
             Killed from afar by a deep elf zephyrmancer (30 damage)
             ... with a bolt of lightning
             ... in the Dungeon (Sprint VII: "The Pits").
             The game lasted 00:07:52 (2820 turns).

rocky1 the Nimble (Gnoll Gladiator)                 Turns: 2820, Time: 00:07:53

Health: -28/85     AC:  9    Str: 13    XL:     10   Next: 16%
Magic:  20/20      EV: 20    Int: 12    God:    Sif Muna [*****.]
Gold:   0          SH:  7    Dex: 17    Spells: 23/26 levels left

rFire   . . .        q - +2 scimitar (holy)
rCold   . . .        a - +0 buckler
rNeg    . . .        b - +0 acid dragon scales
rPois   .            c - +0 helmet
rElec   .            (no cloak)
rCorr   +            (no gloves)
SInv    .            (no boots)
Will    .....        (no amulet)
Stlth   ++++         g - +3 ring of dexterity
HPRegen 0.34/turn    h - +3 ring of evasion
MPRegen 0.17/turn

%: no teleportation
@: no status effects
A: fangs 1, strong nose, distributed training, hooves 1, low MP 1
a: Renounce Religion, Channel Magic, Forget Spell, Divine Exegesis


You were in the Dungeon.
You worshipped Sif Muna.
Sif Muna was extremely pleased with you.
You visited 1 branch

Inventory:

Hand Weapons
 q - a +2 scimitar of holy wrath (weapon)
Missiles
 d - a throwing net (quivered)
 e - a javelin
Armour
 a - a +0 buckler (worn)
 b - +0 acid dragon scales (worn)
 c - a +0 helmet (worn)
 o - a +3 ring mail
Jewellery
 g - a +3 ring of dexterity (left hand)
 h - a +3 ring of evasion (right hand)
Scrolls
 m - 5 scrolls of amnesia
 n - a scroll of summoning
Potions
 f - 2 potions of curing
 i - 4 potions of magic
 j - 8 potions of heal wounds


   Skills:
 + Level 10.0 Fighting
 + Level 8.9 Short Blades
 + Level 11.0 Long Blades
 + Level 8.9 Axes
 + Level 8.9 Maces & Flails
 + Level 8.9 Polearms
 + Level 8.9 Staves
 + Level 8.9 Ranged Weapons
 + Level 10.0 Throwing
 + Level 8.9 Armour
 + Level 11.0 Dodging
 + Level 8.9 Stealth
 + Level 8.9 Shields
 + Level 8.9 Unarmed Combat
 + Level 8.9 Spellcasting
 + Level 7.4 Conjurations
 + Level 7.4 Hexes
 + Level 7.4 Summonings
 + Level 7.4 Necromancy
 + Level 7.4 Translocations
 + Level 7.4 Transmutations
 + Level 7.4 Fire Magic
 + Level 7.4 Ice Magic
 + Level 7.4 Air Magic
 + Level 7.4 Earth Magic
 + Level 7.4 Poison Magic
 + Level 9.7 Invocations
 + Level 8.9 Evocations


You had 23 spell levels left.
You knew the following spells:

 Your Spells              Type           Power      Damage    Failure   Level
a - Swiftness             Air            23%        N/A       3%          3

Your spell library contained the following spells:

 Spells                   Type           Power      Damage    Failure   Level
 Necrotise                Necr           92%        1d8       1%          1
 Poisonous Vapours        Pois/Air       46%        N/A       1%          2
 Ignite Poison            Fire/Tmut/Pois 23%        N/A       3%          3
 Spider Form              Tmut/Pois      23%        N/A       3%          3
 Airstrike                Air            11%        2d(2-18)  11%         4
 Anguish                  Hex/Necr       11%        N/A       11%         4
 Animate Armour           Summ/Erth      46%        N/A       11%         4
 Animate Dead             Necr           23%        N/A       11%         4
 Blade Hands              Tmut           11%        N/A       30%         5
 Freezing Cloud           Conj/Ice/Air   11%        6-21      30%         5
 Eringya's Noxious Bog    Tmut/Pois      11%        N/A       86%         6
 Iron Shot                Conj/Erth      11%        9d3       86%         6
 Maxwell's Capacitive Co  Air            11%        ∞         100%        8


Dungeon Overview and Level Annotations

Branches:
Dungeon (1/1)

Altars:
Ashenzari
Cheibriados
Dithmenos
Elyvilon
Fedhas
Gozag
Hepliaklqana
Kikubaaqudgha
Makhleb
Nemelex Xobeh
Okawaru
Qazlal
Ru
Sif Muna
Trog
Uskayaw
Vehumet
Wu Jian
Xom
Yredelemnul
Zin
The Shining One
Jiyva
Lugonu

Annotations:
D Joseph


Innate Abilities, Weirdness & Mutations

You have very sharp teeth.
Your uncanny sense of smell can sniff out nearby items.
Your experience applies equally to all skills.
You have large cloven feet.
Your magical capacity is low. (-10% MP)


Message History

You slash the deep elf zephyrmancer!
Your kick misses the deep elf zephyrmancer.
You bite the deep elf zephyrmancer, but do no damage.
The deep elf zephyrmancer is moderately wounded.
A demonic crawler comes into view.
The deep elf knight struggles against the net.
The deep elf zephyrmancer misses you.
You closely miss the deep elf zephyrmancer.
The demonic crawler gives a hideous shriek!
You kick the deep elf zephyrmancer.
The deep elf zephyrmancer is moderately wounded.
The deep elf knight casts a spell at you.
The lance of force hits you!!
You are knocked back by the lance of force.
You slam into the metal wall!
The deep elf knight struggles against the net.
The net rips apart, and the deep elf knight comes free!
The deep elf zephyrmancer mumbles some strange words.
The deep elf zephyrmancer blinks!
The deep elf knight mumbles some strange words.
The deep elf knight flickers and vanishes!
Deactivating autopickup; reactivate with Ctrl-A.
The deep elf zephyrmancer misses you.
The deep elf zephyrmancer gestures wildly while chanting.
The deep elf zephyrmancer blinks!
You miss something. Your bite misses something. Something misses you.
The demonic crawler completely misses you.
You block the demonic crawler's attack. The demonic crawler hits you!
* * * LOW HITPOINT WARNING * * *
The deep elf zephyrmancer casts a spell at you.
The bolt of lightning hits you!!
* * * LOW HITPOINT WARNING * * *
Unknown command.
Unknown command.
Blink to where?
Press: ? - help, Dir - move target
As you read the scroll of blinking, it crumbles to dust.
The deep elf zephyrmancer gestures at you while chanting.
The bolt of lightning hits you!!
You die...

.##................#
)#####'#####''######
)##.......##''#####
)##.......##......#
.##.......##......#
###...<...###....## ####
.##.......# ##''## ###..+
.##.......###....###....#
###.......##....@.#....##
.###########......'..e.+
############......#....##
#....#..[[###....###)..e##+##
#....#..[[# ##''## ###.s'@..+
'....'..).# #....# ####...#
#....#..))##......# ....#
#....#..))##......# ....
################### ###


You could see a demonic crawler and 2 deep elf zephyrmancers.

Vanquished Creatures
  A bog body (D)
  An orc knight (D)
  A deep elf pyromancer (D)
  An orange demon (D)
  Grinder (D)
  2 tarantellas (D)
  A spriggan (D)
  A flying skull (D)
  A ynoxinul (D)
  A fire bat (D)
  2 acid dragons (D)
  Edmund (D)
  A swamp drake (D)
  A black bear (D)
  A centaur (D)
  A wolf (D)
  A gnoll sergeant (D)
  A quasit (D)
  An orc priest (D)
  An iron imp (D)
  An orc wizard (D)
  4 gnolls (D)
  A river rat (D)
  An adder skeleton (D)
  5 orcs (D)
  A ball python (D)
  An endoplasm (D)
  2 giant cockroaches (D)
  A goblin (D)
  2 kobolds (D)
  A ball python zombie (D)
  A frilled lizard (D)
43 creatures vanquished.

Vanquished Creatures (others)
  A sky beast (D)
1 creature vanquished.

Grand Total: 44 creatures vanquished

Notes
Turn   | Place    | Note
-------+----------+-------------------------------------------
     0 | D        | rocky1 the Gnoll Gladiator began the quest for the Orb.
     0 | D        | Reached XP level 1. HP: 20/20 MP: 1/1
    19 | D        | Found a bloodstained altar of Trog.
    19 | D        | Found a shimmering blue altar of Sif Muna.
    19 | D        | Found a viscous altar of Jiyva.
    19 | D        | Found a hazy altar of Hepliaklqana.
    19 | D        | Found an opulent altar of Gozag.
    20 | D        | Found a glowing golden altar of the Shining One.
    20 | D        | Found a glowing silver altar of Zin.
    20 | D        | Found a basalt altar of Yredelemnul.
    20 | D        | Found a shimmering altar of Xom.
    20 | D        | Found an ornate altar of the Wu Jian Council.
    20 | D        | Found a sacrificial altar of Ru.
    20 | D        | Found a stormy altar of Qazlal.
    20 | D        | Found an iron altar of Okawaru.
    20 | D        | Found a sparkling altar of Nemelex Xobeh.
    20 | D        | Found a burning altar of Makhleb.
    20 | D        | Found a blossoming altar of Fedhas.
    20 | D        | Found a white marble altar of Elyvilon.
    20 | D        | Found a shadowy altar of Dithmenos.
    20 | D        | Found a snail-covered altar of Cheibriados.
    23 | D        | Found a corrupted altar of Lugonu.
    23 | D        | Found a radiant altar of Vehumet.
    24 | D        | Found an ancient bone altar of Kikubaaqudgha.
    24 | D        | Found a hide-covered altar of Uskayaw.
    24 | D        | Found a broken altar of Ashenzari.
    25 | D        | Became a worshipper of Sif Muna the Loreminder
    90 | D        | Reached * piety under Sif Muna
    91 | D        | Reached skill level 1 in Invocations
    97 | D        | Reached skill level 1 in Short Blades
    97 | D        | Reached skill level 1 in Axes
    97 | D        | Reached skill level 1 in Maces & Flails
    97 | D        | Reached skill level 1 in Polearms
    97 | D        | Reached skill level 1 in Staves
    97 | D        | Reached skill level 1 in Ranged Weapons
    97 | D        | Reached skill level 1 in Armour
    97 | D        | Reached skill level 1 in Stealth
    97 | D        | Reached skill level 1 in Shields
    97 | D        | Reached skill level 1 in Unarmed Combat
    97 | D        | Reached skill level 1 in Spellcasting
    97 | D        | Reached skill level 1 in Conjurations
    97 | D        | Reached skill level 1 in Hexes
    97 | D        | Reached skill level 1 in Summonings
    97 | D        | Reached skill level 1 in Necromancy
    97 | D        | Reached skill level 1 in Translocations
    97 | D        | Reached skill level 1 in Transmutations
    97 | D        | Reached skill level 1 in Fire Magic
    97 | D        | Reached skill level 1 in Ice Magic
    97 | D        | Reached skill level 1 in Air Magic
    97 | D        | Reached skill level 1 in Earth Magic
    97 | D        | Reached skill level 1 in Poison Magic
    97 | D        | Reached skill level 1 in Evocations
    97 | D        | Reached XP level 2. HP: 26/26 MP: 4/4
   132 | D        | Reached ** piety under Sif Muna
   139 | D        | Noticed a black bear
   147 | D        | Killed a black bear
   148 | D        | Reached skill level 5 in Fighting
   148 | D        | Reached skill level 5 in Throwing
   148 | D        | Reached XP level 3. HP: 25/33 MP: 4/7
   148 | D        | Reached XP level 4. HP: 30/39 MP: 4/8
   383 | D        | Noticed a gnoll sergeant
   393 | D        | Reached *** piety under Sif Muna
   394 | D        | Reached XP level 5. HP: 46/46 MP: 8/10
   448 | D        | Reached **** piety under Sif Muna
   460 | D        | Reached ***** piety under Sif Muna
   461 | D        | Reached XP level 6. HP: 48/53 MP: 10/12
   514 | D        | Reached skill level 5 in Invocations
   697 | D        | Noticed a sky beast
   721 | D        | Killed a sky beast
   722 | D        | Reached skill level 5 in Short Blades
   722 | D        | Reached skill level 5 in Axes
   722 | D        | Reached skill level 5 in Maces & Flails
   722 | D        | Reached skill level 5 in Polearms
   722 | D        | Reached skill level 5 in Staves
   722 | D        | Reached skill level 5 in Ranged Weapons
   722 | D        | Reached skill level 5 in Armour
   722 | D        | Reached skill level 5 in Stealth
   722 | D        | Reached skill level 5 in Shields
   722 | D        | Reached skill level 5 in Unarmed Combat
   722 | D        | Reached skill level 5 in Spellcasting
   722 | D        | Reached skill level 5 in Evocations
   728 | D        | Received a gift from Sif Muna
   729 | D        | Reached XP level 7. HP: 22/60 MP: 12/14
   731 | D        | Got Sif Muna's Papyrus of the Decaying Tempest {god gift}
  1038 | D        | Learned a level 3 spell: Swiftness
  1061 | D        | Noticed an orc knight
  1108 | D        | Killed an orc knight
  1109 | D        | Reached skill level 5 in Conjurations
  1109 | D        | Reached skill level 5 in Hexes
  1109 | D        | Reached skill level 5 in Summonings
  1109 | D        | Reached skill level 5 in Necromancy
  1109 | D        | Reached skill level 5 in Translocations
  1109 | D        | Reached skill level 5 in Transmutations
  1109 | D        | Reached skill level 5 in Fire Magic
  1109 | D        | Reached skill level 5 in Ice Magic
  1109 | D        | Reached skill level 5 in Air Magic
  1109 | D        | Reached skill level 5 in Earth Magic
  1109 | D        | Reached skill level 5 in Poison Magic
  1109 | D        | Reached XP level 8. HP: 30/68 MP: 14/17
  1110 | D        | Noticed Grinder
  1110 | D        | Noticed Edmund
  1126 | D        | Killed Edmund
  1142 | D        | Killed Grinder
  1449 | D        | Noticed an orange demon
  1449 | D        | Noticed a tarantella
  1469 | D        | HP: 3/68 [tarantella (12)]
  1472 | D        | Killed a tarantella
  1475 | D        | Received a gift from Sif Muna
  1476 | D        | Got Sif Muna's Book of the Hornet {god gift}
  1486 | D        | Killed an orange demon
  1487 | D        | Reached skill level 10 in Long Blades
  1487 | D        | Reached skill level 10 in Dodging
  1487 | D        | Reached XP level 9. HP: 11/75 MP: 18/20
  1965 | D        | Noticed a tarantella
  1974 | D        | Killed a tarantella
  1995 | D        | Received a gift from Sif Muna
  2357 | D        | Noticed a bog body
  2381 | D        | Killed a bog body
  2803 | D        | Noticed a deep elf knight
  2803 | D        | Noticed a deep elf zephyrmancer
  2803 | D        | Noticed a deep elf zephyrmancer
  2803 | D        | Noticed a deep elf pyromancer
  2807 | D        | Reached XP level 10. HP: 85/85 MP: 22/22
  2808 | D        | Gained mutation: Your magical capacity is low. (-10% MP)
                  | [potion of mutation]
  2808 | D        | Gained mutation: You have large cloven feet. [potion of
                  | mutation]
  2813 | D        | Killed a deep elf pyromancer
  2814 | D        | Reached skill level 10 in Fighting
  2814 | D        | Reached skill level 10 in Throwing
  2814 | D        | Noticed Joseph
  2816 | D        | Noticed a demonic crawler
  2819 | D        | HP: 1/85 [deep elf zephyrmancer/bolt of lightning (23)]
  2820 | D        | Killed from afar by a deep elf zephyrmancer

Illustrated notes

Levels and vault maps discovered:
D:        pitsprint [storerooms_1, entrance_room_1, metal_vault_2, armoury_1,
          mini_pit_1, grid_room_1, main_hall_1, silver_pit, the_coven_1,
          the_vestibule_1, steel_vault_2, golden_pit, hallway_of_sentries,
          crystal_vault_2, iron_vault_2, final_vault]

Skill      XL: |  1  2  3  4  5  6  7  8  9 10 |
---------------+-------------------------------+-----
Invocations    | 1 3 4 5 6 8 9 |  9.7
Short Blades   | 1 3 4 5 6 7 8 |  8.9
Axes           | 1 3 4 5 6 7 8 |  8.9
Maces & Flails | 1 3 4 5 6 7 8 |  8.9
Polearms       | 1 3 4 5 6 7 8 |  8.9
Staves         | 1 3 4 5 6 7 8 |  8.9
Ranged Weapons | 1 3 4 5 6 7 8 |  8.9
Armour         | 1 3 4 5 6 7 8 |  8.9
Stealth        | 1 3 4 5 6 7 8 |  8.9
Shields        | 1 3 4 5 6 7 8 |  8.9
Unarmed Combat | 1 3 4 5 6 7 8 |  8.9
Spellcasting   | 1 3 4 5 6 7 8 |  8.9
Conjurations   | 1 2 3 4 5 6 7 |  7.4
Hexes          | 1 2 3 4 5 6 7 |  7.4
Summonings     | 1 2 3 4 5 6 7 |  7.4
Necromancy     | 1 2 3 4 5 6 7 |  7.4
Translocations | 1 2 3 4 5 6 7 |  7.4
Transmutations | 1 2 3 4 5 6 7 |  7.4
Fire Magic     | 1 2 3 4 5 6 7 |  7.4
Ice Magic      | 1 2 3 4 5 6 7 |  7.4
Air Magic      | 1 2 3 4 5 6 7 |  7.4
Earth Magic    | 1 2 3 4 5 6 7 |  7.4
Poison Magic   | 1 2 3 4 5 6 7 |  7.4
Evocations     | 1 3 4 5 6 7 8 |  8.9
Fighting       | 5 6 7 8 9 10 | 10.0
Long Blades    | 7 8 9 10 11 | 11.0
Throwing       | 5 6 7 8 9 10 | 10.0
Dodging        | 7 8 9 10 11 | 11.0

Action                     |  1- 3 |  4- 6 |  7- 9 | 10-12 || total
---------------------------+-------+-------+-------+-------++-------
  Melee: Long sword        |    21 |    62 |    93 |       ||   176
         Bite              |     4 |    10 |    17 |     1 ||    32
         Punch             |       |     4 |     5 |       ||     9
         Scimitar          |       |       |    56 |     5 ||    61
         Kick              |       |       |       |     2 ||     2
  Throw: Throwing net      |       |     1 |       |     1 ||     2
    Use: Potion            |     2 |     2 |    18 |     1 ||    23
         Scroll            |       |       |       |     1 ||     1
   Stab: Held in net/web   |       |     1 |       |       ||     1
         Invisible         |       |       |    11 |       ||    11
         Sleeping          |       |       |     1 |       ||     1
 Armour: Leather armour    |     2 |       |       |       ||     2
         Ring mail         |       |    21 |    19 |       ||    40
         Acid dragon scale |       |       |     3 |       ||     3
  Dodge: Dodged            |    12 |    48 |   113 |     6 ||   179
  Block: Buckler           |       |       |    10 |     3 ||    13

Table legend: (Time is in decaauts)
 A = Elapsed time spent in this place.
 B = Non-inter-level travel time spent in this place.
 C = Inter-level travel time spent in this place.
 D = Time resting spent in this place.
 E = Time spent auto-exploring this place.
 F = Levels seen in this place.
 G = Mean time per level.
                   A        B        C        D        E       F      G
               +--------+--------+--------+--------+--------+-----+--------+
         Total |   2821 |   2760 |     61 |   2078 |      0 |   1 | 2821.0 |
       Dungeon |   2821 |   2760 |     61 |   2078 |      0 |   1 | 2821.0 |
               +--------+--------+--------+--------+--------+-----+--------+

Top non-repeatable levels by time:
       D: 2821 daAuts
